 Dungeon Crawl Stone Soup version 0.23-a0-641-g0a7f1ce553 (webtiles) character file.

64 Napalmbreeze the Skirmisher (level 4, -2/49 HPs)
             Began as an Ogre Berserker on Dec 30, 2018.
             Was a Believer of Trog.
             Slain by a gnoll
             ... wielding a +0 spear
              (4 damage)
             ... on level 2 of the Dungeon.
             The game lasted 00:01:44 (852 turns).

Napalmbreeze the Skirmisher (Ogre Berserker)         Turns: 852, Time: 00:01:44

Health: -2/49      AC:  3    Str: 22    XL:     4   Next: 12%
Magic:  4/4        EV: 10    Int:  8    God:    Trog [**....]
Gold:   54         SH:  0    Dex:  8    Spells: 3/3 levels left

rFire    . . .     SeeInvis .   a - +0 hand axe
rCold    + . .     Gourm    .   (no shield)
rNeg     . . .     Faith    .   b - +0 animal skin
rPois    .         Spirit   .   (helmet restricted)
rElec    .         Reflect  .   (no cloak)
rCorr    .         Harm     .   (gloves unavailable)
MR       .....                  (boots unavailable)
Stlth    +.........             (no amulet)
HPRegen  0.16/turn              f - ring of protection from cold
MPRegen  0.09/turn              (no ring)

@: berserk cooldown, slowed, very slow
A: large, unfitting armour, tough skin 1
a: Berserk, Trog's Hand, Renounce Religion


You were on level 2 of the Dungeon.
You worshipped Trog.
Trog was pleased with you.
You were hungry.

You visited 1 branch of the dungeon, and saw 2 of its levels.

You collected 54 gold pieces.

Inventory:

Hand Weapons
 a - a +0 hand axe (weapon)
Armour
 b - a +0 animal skin (worn)
Jewellery
 f - a ring of protection from cold (left hand)
Scrolls
 g - a scroll of enchant armour {unknown}
 h - 3 scrolls of identify {unknown}
 i - a scroll of remove curse {unknown}
Potions
 e - a potion of invisibility {unknown}
 j - a potion of flight {unknown}
Comestibles
 c - 2 rations
 d - 2 chunks of flesh


   Skills:
 + Level 4.6 Fighting
 * Level 3.8 Axes
 + Level 1.1 Armour
 + Level 3.1 Dodging


You had 3 spell levels left.
You didn't know any spells.
Your spell library was empty.

Dungeon Overview and Level Annotations

Branches:
Dungeon (2/15)

Altars:


Innate Abilities, Weirdness & Mutations

You are too large for most types of armour.
You have tough skin. (AC +1)


Message History

* * * LOW HITPOINT WARNING * * *
The gnoll barely misses you.
Unknown command.
You hit the rat.
You kill the rat!
Trog accepts your kill.
You hit the gnoll.
You feel sick.
You are no longer poisoned.
The gnoll hits you from afar with a +0 spear.
* * * LOW HITPOINT WARNING * * *
The gnoll hits you.
* * * LOW HITPOINT WARNING * * *
The gnoll closely misses you. The gnoll hits you.
* * * LOW HITPOINT WARNING * * *
You hit the gnoll.
You kill the gnoll!
Trog accepts your kill.
You have reached level 4!
The gnoll hits you from afar with a +0 spear.
You die...

#.#... # ..... .#
...####.# ....... #
##########.##.###.##
#.#...................
#.#.........#.#...#
#.#...........@(#
#....######.#.#)g...#
#....# #.#.#$....#
###....# ..#.#>..#.#
.......# ...#.#.#...#
###....# ....#.#.#(..#
###.## ...^.#.#?#...#
#.# ......#.#.#...#
#.##......# #..


You could see a gnoll.

Vanquished Creatures
  2 gnolls (D:2)
  An adder (D:2)
  2 dart slugs (D:1)
  2 leopard geckos
  4 bats
  2 giant cockroaches (D:1)
  5 goblins
  2 hobgoblins
  3 frilled lizards
  5 kobolds
  3 rats
31 creatures vanquished.

Notes
Turn   | Place    | Note
-------+----------+-------------------------------------------
     0 | D:1      | Napalmbreeze the Ogre Berserker began the quest for the
                  | Orb.
     0 | D:1      | Reached XP level 1. HP: 24/24 MP: 1/1
    85 | D:1      | Reached XP level 2. HP: 29/32 MP: 2/2
   464 | D:1      | Reached XP level 3. HP: 38/40 MP: 3/3
   823 | D:2      | Reached ** piety under Trog
   845 | D:2      | Reached skill level 1 in Armour
   851 | D:2      | HP: 1/40 [gnoll (3)]
   852 | D:2      | Reached XP level 4. HP: 1/49 MP: 4/4
   852 | D:2      | Slain by a gnoll

Vault maps used:
D:1:      erik_arrival_blinker_ship

Skill      XL: |  1  2  3 |
---------------+----------+-----
Armour         | 1 |  1.1
Dodging        | 3 |  3.1
Fighting       | |  4.6
Axes           | |  3.8

Action                   |  1- 3 |  4- 6 || total
-------------------------+-------+-------++-------
Melee: Hand axe          |   101 |       ||   101
Invok: Berserk           |     1 |       ||     1
Armor: Animal skin       |    46 |       ||    46
Dodge: Dodged            |    74 |       ||    74

Table legend:
 A = Non-vault XP
 B = Vault XP
 C = Vault XP percentage of total XP
 D = Non-vault monster count
 E = Vault monster count
 F = Vault count percentage of total count
                 A         B        C        D         E       F
            +---------+---------+-------+---------+---------+-------
      Total |      92 |       0 |   0.0 |      31 |       0 |   0.0
            +---------+---------+-------+---------+---------+-------
        D:1 |      35 |       0 |   0.0 |      18 |       0 |   0.0
        D:2 |      57 |       0 |   0.0 |      13 |       0 |   0.0
            +---------+---------+-------+---------+---------+-------
